 Dungeon Crawl Stone Soup version 0.29.1-1-gd02db6906a (webtiles) character file.

Game seed: 12593984932942467671

613 sizableburger the Slasher (level 7, -4/58 HPs)
             Began as a Human Berserker on Sept 28, 2022.
             Was a Priest of Trog.
             Killed by divine providence
             ... invoked by an orc priest
              (13 damage)
             ... on level 5 of the Dungeon.
             The game lasted 00:08:45 (6508 turns).

sizableburger the Slasher (Human Berserker)         Turns: 6508, Time: 00:08:45

Health: -4/58      AC: -6    Str: 17    XL:     7   Next: 73%
Magic:  7/7        EV: 11    Int:  8    God:    Trog [***...]
Gold:   310        SH:  0    Dex: 14    Spells: 6/6 levels left

rFire   . . .      SeeInvis .   m - +2 dagger (venom)
rCold   . . .      Faith    .   (no shield)
rNeg    . . .      Spirit   .   p - +0 ring mail
rPois   .          Reflect  .   (no helmet)
rElec   .          Harm     .   (no cloak)
rCorr   .          Rampage  .   (no gloves)
Will    .....                   (no boots)
Stlth   +.........              (no amulet)
HPRegen 0.19/turn               (no ring)
MPRegen 0.10/turn               (no ring)

@: corroded, on berserk cooldown
A: no striking features
a: Renounce Religion, Berserk, Trog's Hand


You were on level 5 of the Dungeon.
You worshipped Trog.
Trog was most pleased with you.
You visited 1 branch of the dungeon, and saw 5 of its levels.

You collected 310 gold pieces.

Inventory:

Hand Weapons
 a - a +0 falchion
 m - a +2 dagger of venom (weapon)
Missiles
 u - 4 curare-tipped darts (quivered)
Armour
 b - a +0 animal skin
 i - an orb of mayhem
 p - a +0 ring mail (worn)
Wands
 r - a wand of digging (6)
Scrolls
 c - 2 scrolls of vulnerability
 g - a scroll of enchant armour
 l - 4 scrolls of enchant weapon
 t - a scroll of magic mapping
 v - a scroll of blinking
Potions
 d - a potion of resistance {unknown}
 f - a potion of attraction {unknown}
 j - 2 potions of curing
 k - a potion of mutation {unknown}
 n - a potion of flight {unknown}
 o - a potion of lignification {unknown}


   Skills:
 + Level 6.2 Fighting
 + Level 6.2 Long Blades
 - Level 2.0 Armour
 - Level 2.0 Dodging


You had 6 spell levels left.
You didn't know any spells.
Your spell library was empty.

Dungeon Overview and Level Annotations

Branches:
Dungeon (5/15)             Temple (0/1) D:5

Altars:
Cheibriados
Vehumet
Zin

Annotations:
D:4 1 transporter, vvl's ghost, amateur DsVM


Message History

Unknown command.
You start resting.
You feel a strong urge to attack something.
You start resting.
You feel your anger nearly subside.
You are no longer berserk.
You are exhausted.
You feel yourself slow down.
You start resting.
A hound comes into view.
Unknown command.
A hound is nearby!
The hound closely misses you.
It was a potion of heal wounds.
You feel much better. The hound barely misses you. The hound bites you.
The hound closely misses you. The hound barely misses you.
The hound attacks as you move away! The hound barely misses you.
The hound completely misses you. The hound bites you.
* * * LOW HITPOINT WARNING * * *
Okay, then.
Okay, then.
As you read the scroll of teleportation, it crumbles to dust.
You feel strangely unstable. The hound bites you.
* * * LOW HITPOINT WARNING * * *
The hound bites you.
* * * LOW HITPOINT WARNING * * *
Unknown command.
You feel yourself speed up. The hound bites you.
* * * LOW HITPOINT WARNING * * *
The hound barely misses you. The hound attacks as you move away!
The hound completely misses you.
Your surroundings suddenly seem different.
An orc priest and 2 orcs come into view.
Found 12 gold pieces and a scroll of vulnerability.
The orc priest shouts!
The orc shouts! x2
A scorpion comes into view.
The orc priest mumbles some strange prayers to Beogh against you.
Beogh smites you!
You die...

*,,,*,,,,,,,,,,,,,,,,
**##....s...*******,,
##.........*,,,,,*,,
##..?.o.o...*,,,,,*,,
#...........+,,_,,*,,
#.......o...*,,,,,*,,
*#..........*,,,,,*,,
*#.........*******,,
*#@.......,,,,,,,,,
##..$....,,,,,,,,,
*#......,,,,,,,,,
*......,,,,,,,,,
*,.....,,,,,,,,,
*,.....,,,,,,,,,
*,,....,,,,,,,,,
****,,..#.,,,,,,,,,
*,,,,,,,*,,,,,***,,


You could see a scorpion (wandering), an orc priest and 2 orcs.

Vanquished Creatures
  A water moccasin (D:5)
  A scorpion (D:4)
  A necrophage (D:4)
  A jelly (D:5)
  A hound (D:5)
  2 iguanas (D:5)
  Jessica (D:2)
  An orc wizard (D:5)
  6 gnolls
  6 adders
  2 ufetubi
  A worm (D:2)
  3 dart slugs
  4 orcs
  9 endoplasms
  5 giant cockroaches
  11 goblins
  3 hobgoblins
  3 jackals (D:2)
  A quokka (D:2)
  4 ball pythons
  5 bats
  3 frilled lizards
  10 kobolds
  5 rats
90 creatures vanquished.

Notes
Turn   | Place    | Note
-------+----------+-------------------------------------------
     0 | D:1      | sizableburger the Human Berserker began the quest for the
                  | Orb.
     0 | D:1      | Reached XP level 1. HP: 18/18 MP: 1/1
   298 | D:1      | Reached XP level 2. HP: 24/24 MP: 2/2
   667 | D:1      | Reached XP level 3. HP: 24/29 MP: 3/3
  1483 | D:2      | Found a radiant altar of Vehumet.
  1841 | D:2      | Reached ** piety under Trog
  1893 | D:2      | Reached XP level 4. HP: 37/37 MP: 4/4
  2247 | D:2      | Noticed Jessica
  2253 | D:2      | Killed Jessica
  2910 | D:2      | Reached XP level 5. HP: 35/42 MP: 5/5
  3896 | D:4      | Found a transporter.
  3899 | D:4      | Noticed vvl's ghost (amateur DsVM)
  3929 | D:4      | Reached skill level 5 in Fighting
  3929 | D:4      | Reached skill level 5 in Long Blades
  3929 | D:4      | Reached XP level 6. HP: 21/51 MP: 6/6
  4186 | D:4      | Found a transporter.
  4845 | D:4      | Reached *** piety under Trog
  5742 | D:5      | Entered Level 5 of the Dungeon
  5768 | D:5      | Noticed a water moccasin
  5781 | D:5      | Killed a water moccasin
  5782 | D:5      | Reached XP level 7. HP: 42/57 MP: 7/7
  6027 | D:5      | Found a snail-covered altar of Cheibriados.
  6468 | D:5      | Found a glowing silver altar of Zin.
  6508 | D:5      | Killed from afar by an orc priest

Illustrated notes

Levels and vault maps discovered:
D:1:      nicolae_arrival_somewhat_less_tricky_arrival, layout_loops_ring
D:2:      layout_basic, basic_altar, uniq_jessica
D:3:      layout_rooms, grunt_ministairs_2
D:4:      layout_layer_cave, gammafunk_ghost_stat_death,
          corexii_item_surrounded_by_moat, minmay_checkerbox
D:5:      layout_basic, pdpol_temple_overflow_zin_treasury_gozag_greed,
          amcnicky_altar_gilded, mainiacjoe_overflow_alcove_2, kennysheep_mini,
          nemelex_diamond_rough_becter, minmay_temple_entry_poolview,
          minmay_liquid_box

Skill      XL: |  1  2  3  4  5  6  7 |
---------------+----------------------+-----
Fighting       | 4 5 6 |  6.2
Long Blades    | 4 5 6 |  6.2
Armour         | |  2.0
Dodging        | |  2.0

Action                   |  1- 3 |  4- 6 |  7- 9 || total
-------------------------+-------+-------+-------++-------
Melee: Falchion          |     9 |    76 |     2 ||    87
       Dagger            |    96 |   127 |    71 ||   294
       Punch             |     2 |     3 |       ||     5
Throw: Throwing net      |       |     1 |       ||     1
Invok: Berserk           |     1 |     2 |     1 ||     4
  Use: Scroll            |       |     7 |     3 ||    10
       Potion            |       |     1 |     1 ||     2
 Stab: Held in net/web   |       |     1 |       ||     1
Armor: Animal skin       |    17 |     2 |       ||    19
       Ring mail         |       |    55 |    13 ||    68
Dodge: Dodged            |    50 |   109 |    49 ||   208
